 Dungeon Crawl Stone Soup version 0.19.5 (webtiles) character file.

112 epen the Sneak (level 4, -5/23 HPs)
             Began as a Spriggan Assassin on Aug 12, 2017.
             Killed from afar by Natasha (8 damage)
             ... with a magic dart
             ... on level 2 of the Dungeon.
             The game lasted 00:03:39 (2247 turns).

epen the Sneak (Spriggan Assassin)                  Turns: 2247, Time: 00:03:39

Health: -5/23      AC:  3    Str:  7    XL:     4   Next: 64%
Magic:  5/5        EV: 18    Int: 12    God:
Gold:   136        SH:  0    Dex: 18    Spells: 0 memorised, 3 levels left

rFire  . . .     SeeInvis +     a - +2 dagger
rCold  . . .     Gourm    .     c - +0 robe
rNeg   . . .     Faith    .     (shield restricted)
rPois  .         Spirit   .     (helmet restricted)
rElec  .         Reflect  .     d - +0 cloak
rCorr  .         Harm     .     (gloves unavailable)
MR     .....                    (boots unavailable)
Stlth  ++++......               (no amulet)
                                (no ring)
                                (no ring)

@: slowed, quick
A: unfitting armour, see invisible, herbivore 3, speed 3, slow metabolism 2
a: no special abilities


You were on level 2 of the Dungeon.
You were not hungry.

You visited 1 branch of the dungeon, and saw 2 of its levels.

You collected 136 gold pieces.

Inventory:

Hand Weapons
 a - a +2 dagger (weapon)
 b - a +0 blowgun
 i - a +1 vampiric dagger
Missiles
 f - 2 curare-tipped needles
 q - 5 poisoned needles
Armour
 c - a +0 robe (worn)
 d - a +0 cloak (worn)
Jewellery
 j - an uncursed amulet of guardian spirit {unknown}
Wands
 e - a wand of random effects (15/48)
Scrolls
 g - a scroll of identify {unknown}
 h - a scroll of blinking {unknown}
 k - 3 scrolls of fear {unknown}
 l - 3 scrolls of immolation {unknown}
 n - a scroll of recharging {unknown}
 o - a scroll of random uselessness {unknown}
 p - a scroll of noise {unknown}
Potions
 m - a potion of cancellation {unknown}
 r - a potion of mutation {unknown}


   Skills:
 + Level 2.2 Fighting
 * Level 3.4 Short Blades
 + Level 2.7 Throwing
 + Level 2.7 Dodging
 + Level 6.5 Stealth


You had 3 spell levels left.
You didn't know any spells.

Dungeon Overview and Level Annotations

Branches:
Dungeon (2/15)

Altars:

Annotations:
D:2 Natasha


Innate Abilities, Weirdness & Mutations

You are very small and have problems with some larger weapons.
You are too small for most types of armour.
You have supernaturally acute eyesight. (SInv)
You are a herbivore.
You cover ground extremely quickly.
You need consume almost no food.


Message History

You hit Natasha.
Natasha is lightly wounded.
Natasha claws you.
You barely miss Natasha.
Natasha is lightly wounded.
Natasha claws you.
You barely miss Natasha.
Natasha is lightly wounded.
Natasha zaps a wand.
You feel yourself slow down.
It is a wand of slowing.
Natasha zaps a wand.
You feel as though you will be slow longer.
Natasha casts a spell at you. The magic dart hits you!
* * * LOW HITPOINT WARNING * * *
Natasha mumbles some strange words.
Natasha zaps a wand.
You feel as though you will be slow longer.
Natasha casts a spell at you. The magic dart hits you!
You die...

#..###.#<##..
#...........# #
...###.......
#. ##.....# #.#
# # #...... #..
.#. #.##.## #.#
##.## #.##...
#..##.⌠.#
#.#####
#.#.##@##
####.#
#.....#........
#.#
##h.#....###.#
#.#
#.#.#.###.#.#
#.# #.#...#
#.)## #.#
#.###.###...#
#.#
##.##.##.#.#.#
#.#
##.#.#.##.###
#.# #####...##
.# #.#


You could see Natasha.

Vanquished Creatures
  Jessica (D:2)
  Ijyb (D:2)
  Robin (D:2)
  2 adders (D:2)
  A worm (D:2)
  11 goblins
  6 hobgoblins
  2 bats
  A frilled lizard (D:1)
  3 kobolds (D:1)
29 creatures vanquished.

Notes
Turn   | Place    | Note
-------+----------+-------------------------------------------
     0 | D:1      | epen the Spriggan Assassin began the quest for the Orb.
     0 | D:1      | Reached XP level 1. HP: 10/10 MP: 2/2
   211 | D:1      | Reached skill level 6 in Stealth
   696 | D:2      | Noticed Robin
   714 | D:1      | Reached XP level 2. HP: 15/15 MP: 3/3
   751 | D:2      | Noticed Ijyb
   787 | D:2      | Killed Ijyb
   787 | D:2      | Reached XP level 3. HP: 14/18 MP: 4/4
   795 | D:2      | Noticed Jessica
   945 | D:2      | Killed Jessica
   951 | D:2      | Reached XP level 4. HP: 8/23 MP: 5/5
  1661 | D:2      | Killed Robin
  2219 | D:2      | Noticed Natasha
  2247 | D:2      | Killed from afar by Natasha

Skill      XL: |  1  2  3 |
---------------+----------+-----
Stealth        | 6 |  6.5
Fighting       | 2 |  2.2
Short Blades   | 3 |  3.4
Dodging        | 2 |  2.7
Throwing       | |  2.7

Action                   |  1- 3 |  4- 6 || total
-------------------------+-------+-------++-------
Melee: Dagger            |    44 |    67 ||   111
 Fire: Blowgun           |    10 |     8 ||    18
 Stab: Sleeping          |     1 |       ||     1
  Eat: Bread ration      |     1 |       ||     1
Armor: Robe              |       |     3 ||     3
Dodge: Dodged            |    35 |    43 ||    78
